 Dungeon Crawl Stone Soup version 0.29-a0-219-g0a02b1cf4f (webtiles) character file.

Game seed: 10751980822693433071

32 tilp the Chiller (level 3, -1/14 HPs)
             Began as a Felid Ice Elementalist on Feb 25, 2022.
             Slain by a goblin
             ... wielding a +0 dagger
             ... led by Robin
              (3 damage)
             ... on level 1 of the Dungeon.
             The game lasted 00:02:50 (2144 turns).

tilp the Chiller (Felid Ice Elementalist)           Turns: 2144, Time: 00:02:50

Health: -1/14      AC:  1    Str:  4    XL:     3   Next: 10%
Magic:  15/16      EV: 17    Int: 18    God:
Gold:   28         SH:  0    Dex: 16    Spells: 5/6 levels left
                                        Lives:  0   Deaths: 0

rFire   . . .      SeeInvis +   (weapon unavailable)
rCold   . . .      Faith    .   (shield unavailable)
rNeg    . . .      Spirit   .   (body armour unavailable)
rPois   .          Reflect  .   (helmet unavailable)
rElec   .          Harm     .   (cloak unavailable)
rCorr   .          Rampage  .   (gloves unavailable)
Will    .....                   (boots unavailable)
Stlth   ++........              (no amulet)
HPRegen 0.04/turn               c - ring of magical power
MPRegen 0.15/turn               (no ring)

@: quick
A: very small, claws 1, fangs 3, see invisible, speed 1, shaggy fur 1, stealthy
paws, no weapons or thrown items, no armour, multi-lived
a: no special abilities


You were on level 1 of the Dungeon.
You visited 1 branch of the dungeon, and saw 2 of its levels.

You collected 28 gold pieces.

Inventory:

Jewellery
 c - a ring of magical power (left paw)
Potions
 b - a potion of resistance {unknown}
 d - a potion of curing {unknown}


   Skills:
 - Level 2.6 Dodging
 - Level 2.6 Stealth
 + Level 2.4 Spellcasting
 * Level 4.3 Ice Magic


You had 5 spell levels left.
You knew the following spells:

 Your Spells              Type           Power      Damage    Failure   Level
a - Freeze                Ice            68%        1d8       3%          1

Your spell library contained the following spells:

 Spells                   Type           Power      Damage    Failure   Level
 Frozen Ramparts          Ice            34%        1d5       9%          3
 Ozocubu's Armour         Ice            17%        N/A       9%          3
 Hailstorm                Conj/Ice       10%        3d5       56%         4


Dungeon Overview and Level Annotations

Branches:
Dungeon (2/15)

Altars:

Shops:
D:1 *

Annotations:
D:2 Robin


Innate Abilities, Weirdness & Mutations

You have sharp claws.
You have razor-sharp teeth.
You have supernaturally acute eyesight. (SInv)
You cover ground quickly. (Speed+)
You are covered in fur. (AC +1)
Your paws help you pounce on unaware monsters.
You are incapable of wielding weapons or throwing items.
You cannot wear armour.
You gain extra lives every three experience levels.


Message History

You start resting.
Magic restored.
You start resting.
HP restored.
You climb downwards.
Level annotation: Robin A goblin comes into view.
It is wielding a +0 dagger.
The hobgoblin barely misses you.
A hobgoblin comes into view.
There is a stone staircase leading up here.
Unknown command.
Unknown command.
Casting: Freeze (safe; 3% risk of failure)
Confirm with . or Enter, or press ? or * to list all spells.
Aiming: Freeze (safe; 3% risk of failure)
Press: ? - help, Shift-Dir - straight line, f - hobgoblin
Aim: a hobgoblin You freeze the hobgoblin!
You kill the hobgoblin!
Unknown command.
Robin roars a battlecry!
The goblins go into a battle-frenzy!
Robin hits you from afar with a +3 vorpal spear.
The goblin closely misses you.
Robin says, "My goblins will feast on your bones."
Robin hits you from afar with a +3 vorpal spear!
Ouch! That really hurt!
* * * LOW HITPOINT WARNING * * *
x2 You climb upwards.
There is a stone staircase leading down here.
Unknown command.
Casting: Freeze (safe; 3% risk of failure)
Confirm with . or Enter, or press ? or * to list all spells.
Aiming: Freeze (safe; 3% risk of failure)
Press: ? - help, Shift-Dir - straight line, f - goblin
Aim: a goblin, wielding a +0 dagger (strong)
You freeze the goblin.
The goblin is severely wounded.
The goblin hits you with a +0 dagger.
You die...

#.######.)....#.##########
#.# #...##.#.# #
#.#######...#.#.# #
#.#.........#.#.# #
#†#.#####...#...##########
##.#.# #.#.######.......#
#....# #............###.#
############.######.#.###.#
#........g@............##.#
###.######.#.#......#...#.#
#.# #.#.####.###.#.#.# #.#
#.#.##...........# #.#
#.#.##.#.....).... #.#
#.#.##.######..##. #.#
#.#............##. #.#
#.####.#######..#.
###.######'####.#####....#.


You could see a goblin (strong).

Vanquished Creatures
  6 endoplasms
  A giant cockroach (D:1)
  5 goblins
  2 hobgoblins (D:2)
  2 jackals (D:1)
  A kobold (D:1)
  A quokka (D:1)
  4 ball pythons
  A bat (D:1)
  2 frilled lizards
  3 rats (D:1)
28 creatures vanquished.

Notes
Turn   | Place    | Note
-------+----------+-------------------------------------------
     0 | D:1      | tilp the Felid Ice Elementalist began the quest for the
                  | Orb.
     0 | D:1      | Reached XP level 1. HP: 7/7 MP: 4/4
   151 | D:1      | Found Cewinnun's Assorted Antiques.
   527 | D:1      | Reached XP level 2. HP: 11/11 MP: 6/6
   719 | D:1      | Reached skill level 4 in Ice Magic
  1669 | D:2      | Noticed Robin
  2017 | D:2      | Reached XP level 3. HP: 9/14 MP: 7/7
  2144 | D:1      | Slain by a goblin

Illustrated notes

Levels and vault maps discovered:
D:1:      minmay_arrival_hallway, layout_basic, serial_shops,
          nicolae_shop_trees, chequers_serial_rivers_large_a
D:2:      layout_rooms, nrook_uturn, uniq_terence, uniq_robin

Skill      XL: |  1  2 |
---------------+-------+-----
Ice Magic      | 4 |  4.3
Dodging        | |  2.6
Stealth        | |  2.6
Spellcasting   | |  2.4

Action                   || total
-------------------------++-------
Melee: Unarmed           ||     7
       Bite              ||     1
 Cast: Freeze            ||    39
  Use: Scroll            ||     3
 Stab: Sleeping          ||     4
Armor: Skin              ||     2
Dodge: Dodged            ||    14

Table legend: (Time is in decaauts)
 A = Elapsed time spent in this place.
 B = Non-inter-level travel time spent in this place.
 C = Inter-level travel time spent in this place.
 D = Time resting spent in this place.
 E = Time spent auto-exploring this place.
 F = Levels seen in this place.
 G = Mean time per level.
                   A        B        C        D        E       F      G
               +--------+--------+--------+--------+--------+-----+--------+
         Total |   1955 |   1819 |    136 |    550 |   1044 |   2 |  977.5 |
       Dungeon |   1955 |   1819 |    136 |    550 |   1044 |   2 |  977.5 |
               +--------+--------+--------+--------+--------+-----+--------+

Top non-repeatable levels by time:
     D:1: 1876 daAuts
     D:2: 79 daAuts
